 Dungeon Crawl Stone Soup version 0.16-a0-1703-g5157612 (webtiles) character file.

6 FishServ the Magician (level 1, -2/11 HPs)
             Began as a Gargoyle Wanderer on Oct 26, 2014.
             Slain by a gnoll
             ... wielding a +0 club
              (6 damage)
             ... on level 1 of the Dungeon on Oct 29, 2014.
             The game lasted 00:06:53 (354 turns).

FishServ the Magician (Gargoyle Wanderer)            Turns: 354, Time: 00:06:53

Health: -2/11      AC:  5    Str: 19    XL:     1   Next: 90%
Magic:  0/4        EV: 11    Int: 11    God:
Gold:   15         SH:  0    Dex:  6    Spells: 1 memorised, 5 levels left

rFire  . . .     SeeInvis .     i - +0 whip (curse)
rCold  . . .     Clarity  .     e - +0 robe
rNeg   + . .     SustAb   .     (no shield)
rPois  +         Gourm    .     (no helmet)
rElec  +         Spirit   .     (no cloak)
rCorr  .         Warding  .     k - +0 pair of gloves
rMut   .         Stasis   .     (no boots)
MR     .....                    (no amulet)
Stlth  +.........               (no ring)
                                (no ring)

@: very slightly contaminated, not resistant to hostile enchantments, very
unstealthy
A: negative energy resistance 1, electricity resistance, unbreathing,
petrification resistance, rot immunity, AC +2
a: no special abilities


You were on level 1 of the Dungeon.
You were not hungry.

You visited 1 branch of the dungeon, and saw 2 of its levels.

You collected 15 gold pieces.

Inventory:

Hand weapons
 b - a +2 blowgun
 i - a cursed +0 whip (weapon)
Missiles
 a - 2 curare-tipped needles
 h - 4 stones (quivered)
Armour
 e - a +0 robe (worn)
 k - a +0 pair of gloves (worn)
Scrolls
 g - 3 scrolls of remove curse {unknown}
 l - a scroll of teleportation {unknown}
Potions
 j - a potion of brilliance {unknown}
Books
 c - Ozocubu's Catalogue of Cold

   Spells                             Type                      Level
   *Freeze                            Ice                          1
   Ozocubu's Armour                   Charms/Ice                   3
 d - the Catalogue of the Snowflakes

   Spells                             Type                      Level
   Throw Frost                        Conjuration/Ice              2
   Ensorcelled Hibernation            Hexes/Ice                    2
Comestibles
 f - a bread ration


   Skills:
 - Level 0.7 Fighting
 - Level 0.2 Maces & Flails
   Level 1.0 Bows
 - Level 2.0 Throwing
 - Level 2.1 Armour
 - Level 3.0 Spellcasting
   Level 1.0 Charms
   Level 1.0 Fire Magic
 + Level 1.0 Ice Magic


You had 5 spell levels left.
You knew the following spells:

 Your Spells              Type           Power        Failure   Level  Hunger
a - Freeze                Ice            #...         21%         1    #......


Dungeon Overview and Level Annotations

Branches:
Dungeon (2/15)

Altars:


Innate Abilities, Weirdness & Mutations

You are resistant to torment.
You are immune to poison.
Your stone body is very resilient (AC +2).
You resist negative energy.
You are resistant to electric shocks.
You can survive without breathing.
You are immune to petrification.
You are immune to rotting.


Message History

Unknown command.
Casting: Freeze
Confirm with . or Enter, or press ? or * to list all spells.
Aiming: Freeze
Press: ? - help, Shift-Dir - straight line, f/p - gnoll
Aim: a gnoll, wielding a club (moderately wounded)
You miscast Freeze.
You are very lightly contaminated with residual magic.
Nothing appears to happen.
The gnoll barely misses you.
Casting: Freeze
Confirm with . or Enter, or press ? or * to list all spells.
Aiming: Freeze
Press: ? - help, Shift-Dir - straight line, f/p - gnoll
Aim: a gnoll, wielding a club (moderately wounded)
You miscast Freeze.
Nothing appears to happen.
The gnoll hits you with a club.
You hit the gnoll but do no damage.
The gnoll is moderately wounded.
The gnoll hits you with a club.
Ouch! That really hurt!
You die...

...g..#####.##.######.# ##.
...........##)## .### ###..
.... ###.....# .....###...#
# ##.##..# ####...#.###
####..##(.######..[.....###
##....###.........######...#
#..#### ##g#####.....#####.#
#.## #g####..###..## #.. #.#
#.@....## ##..# ### #%#
######..##### ##.##
#(###.......# #..##
#.#...#####(# ##..###
######.#.### ###.### ##.#..
.........# #.)...# #...#
.........# #...>.# #.#..
.........#
#.....##########.##.
.........#
##.....#..........###


You could see a gnoll and a hobgoblin.

Vanquished Creatures
  A bat (D:1)
  2 giant newts (D:1)
  4 kobolds (D:1)
7 creatures vanquished.

Notes
Turn   | Place    | Note
--------------------------------------------------------------
     0 | D:1      | FishServ, the Gargoyle Wanderer, began the quest for the Orb.
     0 | D:1      | Reached XP level 1. HP: 10/10 MP: 4/4
     0 | D:1      | Upgraded the game from 0.16-a0-1550-g2008e14 to 0.16-a0-1703-g5157612
     0 | D:1      | Identified Ozocubu's Catalogue of Cold
     0 | D:1      | Identified the Catalogue of the Snowflakes
     2 | D:1      | Learned a level 1 spell: Freeze
   287 | D:1      | Reached skill level 1 in Ice Magic
   354 | D:1      | Slain by a gnoll

Action                   || total
-------------------------++-------
Melee: Unarmed           ||    21
       Whip              ||     5
 Fire: Blowgun           ||     2
Throw: Stone             ||    15
 Cast: Freeze            ||     7
